 Dungeon Crawl Stone Soup version 0.31-a0-1074-g0b22e4e0f1 (webtiles) character file.

Game seed: 2773614669095210359

46 grandjackal the Trooper (level 3, -6/39 HPs)
             Began as an Ogre Warper on Dec 2, 2023.
             Mangled by a gnoll
             ... wielding a +0 flail
              (8 damage)
             ... on level 3 of the Dungeon.
             The game lasted 00:01:56 (1214 turns).

grandjackal the Trooper (Ogre Warper)               Turns: 1214, Time: 00:01:57

Health: -6/39      AC:  3    Str: 15    XL:     3   Next: 66%
Magic:  6/6        EV:  9    Int: 16    God:
Gold:   94         SH:  0    Dex:  8    Spells: 4/6 levels left

rFire   . . .        a - +0 mace
rCold   . . .        (no shield)
rNeg    . . .        b - +0 robe
rPois   .            (helmet restricted)
rElec   .            (no cloak)
rCorr   .            (gloves unavailable)
SInv    .            (boots unavailable)
Will    .....        (no amulet)
Stlth   +            (no ring)
HPRegen 0.26/turn    (no ring)
MPRegen 0.10/turn

%: no passive effects
@: no status effects
A: large, unfitting armour, tough skin 1
a: no special abilities


You were on level 3 of the Dungeon.
You visited 1 branch of the dungeon, and saw 3 of its levels.

You collected 94 gold pieces.

Inventory:

Hand Weapons
 a - a +0 mace (weapon)
Missiles
 d - 7 darts of dispersal
 g - 5 boomerangs (quivered)
 j - 2 poisoned darts
Armour
 b - a +0 robe (worn)
Scrolls
 c - a scroll of blinking
 e - a scroll of identify {unknown}
 f - 2 scrolls of enchant weapon {unknown}
 k - a scroll of immolation {unknown}
 l - a scroll of amnesia {unknown}
 m - a scroll of poison {unknown}
Potions
 h - 2 potions of haste {unknown}
 i - a potion of curing {unknown}
 n - 2 potions of mutation {unknown}


   Skills:
 + Level 3.8 Fighting
 + Level 2.4 Maces & Flails
 - Level 1.0 Throwing
 - Level 2.1 Dodging
 - Level 2.4 Spellcasting
 + Level 3.2 Translocations


You had 4 spell levels left.
You knew the following spells:

 Your Spells              Type           Power      Damage    Failure   Level
a - Blink                 Tloc           24%        N/A       9%          2

Your spell library contained the following spells:

 Spells                   Type           Power      Damage    Failure   Level
 Lesser Beckoning         Tloc           24%        N/A       9%          2
 Teleport Other           Tloc           12%        N/A       16%         3
 Manifold Assault         Tloc           12%        N/A       47%         4
 Vhi's Electric Charge    Tloc/Air       14%        N/A       71%         4


Dungeon Overview and Level Annotations

Branches:
Dungeon (3/15)

Altars:

Shops:
D:1 =   D:2 (([!


Innate Abilities, Weirdness & Mutations

You are too large for most types of armour.
You have tough skin. (AC +1)


Message History

There is a stone staircase leading up here.
You start resting.
HP restored.
You climb upwards.
The gnoll hits you from afar with a +0 spear.
There is a stone staircase leading down here.
A gnoll comes into view. It is wielding a +0 flail.
The gnoll shouts!
The gnoll barely misses you.
You hit the gnoll.
The gnoll is moderately wounded.
The gnoll barely misses you.
You closely miss the gnoll.
The gnoll is moderately wounded.
The gnoll hits you with a +0 spear. The gnoll hits you with a +0 flail.
You hit the gnoll.
The gnoll is heavily wounded.
The gnoll closely misses you. x2
You barely miss the gnoll.
The gnoll is heavily wounded.
The gnoll closely misses you. x3; The gnoll completely misses you.
You closely miss the gnoll.
The gnoll is heavily wounded.
The gnoll hits you with a +0 spear! The gnoll hits you with a +0 flail.
You hit the gnoll.
The gnoll is severely wounded.
The gnoll hits you but does no damage. The gnoll hits you with a +0 flail.
The gnoll hits you from afar with a +0 spear.
There is a stone staircase leading down here.
The gnoll hits you from afar with a +0 spear.
* * * LOW HITPOINT WARNING * * *
You climb downwards.
There is a stone staircase leading up here.
You barely miss the gnoll. The gnoll hits you with a +0 flail.
* * * LOW HITPOINT WARNING * * *
You hit the gnoll but do no damage. The gnoll hits you with a +0 flail!
* * * LOW HITPOINT WARNING * * *
The gnoll misses you.
You closely miss the gnoll. The gnoll hits you with a +0 flail!
You die...

# #.#######
......# # ...#.#
#.#####.#.#####.#
.................
#.....#.#
###...#)#
#...@..(#
#.#.g#### ......
..#.#.##. #..#.
.. ... #. .# ###
.. .# .. #


You could see a gnoll.

Vanquished Creatures
  A gnoll (D:3)
  A dart slug (D:3)
  5 ball pythons
  A bat (D:1)
  An endoplasm (D:2)
  A giant cockroach (D:2)
  4 hobgoblins
  4 jackals (D:1)
  5 kobolds
  2 frilled lizards (D:1)
  3 goblins
  5 rats
33 creatures vanquished.

Notes
Turn   | Place    | Note
-------+----------+-------------------------------------------
     0 | D:1      | grandjackal the Ogre Warper began the quest for the Orb.
     0 | D:1      | Reached XP level 1. HP: 22/22 MP: 3/3
   127 | D:1      | Found Tuedahof's Jewellery Boutique.
   158 | D:1      | Reached XP level 2. HP: 29/31 MP: 5/5
   651 | D:2      | Found Memn's Weapon Emporium.
   700 | D:2      | Found Pof Hohaob's Armour Emporium.
   787 | D:2      | Reached XP level 3. HP: 37/37 MP: 6/6
   841 | D:2      | Found Isiad's Distillery.
   924 | D:2      | Found Kigihiq's Weapon Shoppe.
  1078 | D:2      | Learned a level 2 spell: Blink
  1214 | D:3      | Mangled by a gnoll

Illustrated notes

Levels and vault maps discovered:
D:1:      dpeg_arrival_prison, layout_rooms, serial_shops, shop
D:2:      layout_loops_corners, serial_shops, shop, nicolae_square_shop, shop,
          nicolae_shop_bloodbath_and_beyond, roderic_lattice_a,
          minmay_gold_behind_fungi
D:3:      layout_basic

Skill      XL: |  1  2 |
---------------+-------+-----
Fighting       | 3 |  3.8
Maces & Flails | 2 |  2.4
Translocations | 3 |  3.2
Throwing       | |  1.0
Dodging        | |  2.1
Spellcasting   | |  2.4

Action                     || total
---------------------------++-------
  Melee: Mace              ||   117
         Punch             ||     2
 Armour: Robe              ||   110
  Dodge: Dodged            ||   107

Table legend: (Time is in decaauts)
 A = Elapsed time spent in this place.
 B = Non-inter-level travel time spent in this place.
 C = Inter-level travel time spent in this place.
 D = Time resting spent in this place.
 E = Time spent auto-exploring this place.
 F = Levels seen in this place.
 G = Mean time per level.
                   A        B        C        D        E       F      G
               +--------+--------+--------+--------+--------+-----+--------+
         Total |   1248 |   1223 |     25 |    130 |    795 |   3 |  416.0 |
       Dungeon |   1248 |   1223 |     25 |    130 |    795 |   3 |  416.0 |
               +--------+--------+--------+--------+--------+-----+--------+

Top non-repeatable levels by time:
     D:1: 671 daAuts
     D:2: 506 daAuts
     D:3: 71 daAuts
